 Dungeon Crawl Stone Soup version 0.26-a0-663-g36e8fdb655 (webtiles) character file.

Game seed: 217007113858791335

1318 jiml777 the Grasshopper (level 8, 0/64 HPs)
             Began as a Gnoll Warper on Oct 10, 2020.
             Succumbed to an orc wizard's poison
             ... on level 5 of the Dungeon.
             The game lasted 00:31:02 (7664 turns).

jiml777 the Grasshopper (Gnoll Warper)              Turns: 7664, Time: 00:31:02

Health: 0/64       AC: 13    Str: 13    XL:     8   Next: 59%
Magic:  17/17      EV: 15    Int: 19    God:
Gold:   165        SH:  0    Dex: 14    Spells: 14/19 levels left

rFire    + + .     SeeInvis .   w - +3 trident (venom)
rCold    + . .     Faith    .   (no shield)
rNeg     . . .     Spirit   .   z - +0 robe {rF+}
rPois    +         Reflect  .   q - +2 hat
rElec    +         Harm     .   E - +0 cloak
rCorr    +         Rampage  .   y - +0 pair of gloves
MR       +....                  D - +2 pair of boots
Stlth    ++........             (no amulet)
HPRegen  0.20/turn              x - +4 ring of protection
MPRegen  0.15/turn              B - ring of protection from magic

@: lethally poisoned (0 -> -6), resistant, berserk cooldown, slowed, very slow
A: distributed training, fangs 1, strong nose
a: no special abilities


You were on level 5 of the Dungeon.
You visited 1 branch of the dungeon, and saw 5 of its levels.

You collected 165 gold pieces.

Inventory:

Hand Weapons
 a - a +1 spear
 v - a +0 hunting sling
 w - a +3 trident of venom (weapon)
Missiles
 e - 5 boomerangs of dispersal
 g - 20 poisoned darts (quivered)
 n - 33 bolts
 o - 3 boomerangs
 p - 65 arrows
 s - 70 sling bullets
Armour
 b - a +0 leather armour
 h - a +0 scale mail
 q - a +2 hat (worn)
 y - a +0 pair of gloves (worn)
 z - a +0 robe of fire resistance (worn)
 A - a +0 scale mail
 D - a +2 pair of boots (worn)
 E - a +0 cloak (worn)
Jewellery
 c - an uncursed ring of resist corrosion
 x - a +4 ring of protection (left hand)
 B - a ring of protection from magic (right hand)
Wands
 m - a wand of iceblast (4)
 r - a wand of flame (18)
Scrolls
 d - a scroll of blinking
 k - 2 scrolls of identify
 l - 2 scrolls of amnesia
 u - 2 scrolls of remove curse
 C - a scroll of magic mapping
Potions
 f - a potion of stabbing
 j - 2 potions of magic
 t - a potion of might


   Skills:
 + Level 5.8 Fighting
 + Level 3.4 Short Blades
 + Level 3.4 Long Blades
 + Level 3.4 Axes
 + Level 3.4 Maces & Flails
 + Level 5.8 Polearms
 + Level 3.4 Staves
 + Level 3.4 Slings
 + Level 3.4 Bows
 + Level 3.4 Crossbows
 + Level 4.3 Throwing
 + Level 4.3 Armour
 + Level 5.8 Dodging
 + Level 3.4 Stealth
 + Level 3.4 Shields
 + Level 3.4 Unarmed Combat
 + Level 6.1 Spellcasting
 + Level 2.8 Conjurations
 + Level 2.8 Hexes
 + Level 2.8 Summonings
 + Level 2.8 Necromancy
 + Level 6.2 Translocations
 + Level 2.8 Transmutations
 + Level 2.8 Fire Magic
 + Level 2.8 Ice Magic
 + Level 2.8 Air Magic
 + Level 2.8 Earth Magic
 + Level 2.8 Poison Magic
 + Level 3.7 Invocations
 + Level 3.4 Evocations


You had 14 spell levels left.
You knew the following spells:

 Your Spells              Type           Power        Failure   Level
a - Blink                 Tloc           N/A          1%          2
b - Teleport Other        Tloc           ####....     2%          3

Your spell library contained the following spells:

 Spells                   Type           Power        Failure   Level
 Gell's Gravitas          Tloc           ####......   2%          3
 Lesser Beckoning         Tloc           ####......   2%          3
 Magic Dart               Conj           ###.         3%          1
 Searing Ray              Conj           ###...       5%          2
 Passage of Golubria      Tloc           N/A          9%          4
 Dazzling Flash           Conj/Hex       ###...       11%         3
 Iskenderun's Mystic Bla  Conj/Tloc      ###.....     17%         4
 Fulminant Prism          Conj/Hex       ###.......   34%         4


Dungeon Overview and Level Annotations

Branches:
Dungeon (5/15)
 Temple: D:4-7

Altars:
The Shining One


Innate Abilities, Weirdness & Mutations

Your experience applies equally to all skills.
You have very sharp teeth.
Your uncanny sense of smell can sniff out nearby items.


Message History

You feel sick.
You start resting.
You feel your anger nearly subside.
* * * LOW HITPOINT WARNING * * *
You feel sick.
You start resting.
You are no longer berserk.
You are exhausted.
You feel yourself slow down.
* * * LOW HITPOINT WARNING * * *
You feel sick.
It was a potion of resistance.
You feel protected.
* * * LOW HITPOINT WARNING * * *
You feel sick.
* * * LOW HITPOINT WARNING * * *
You feel sick.
* * * LOW HITPOINT WARNING * * *
You feel sick.
You die...

.......P..P...PPPP.......####
........PPP...PPP......)....#
.......................###.....
...................#...### ##.
..?.........########.....##
#..........## ##..........#
###........# ##............#
#..... ##..............# ###.
##(..@...........#
#................#
#.).)............#
.......).............
...................#
..................#
..................
..#...............
........../......


There were no monsters in sight!

Vanquished Creatures
  2 ice beasts
  2 centaurs (D:5)
  A scorpion (D:4)
  A howler monkey (D:4)
  2 hounds (D:5)
  7 orc wizards
  A jelly (D:5)
  5 orc priests
  An iguana (D:4)
  Ijyb (D:4)
  Natasha (thrice) (D:3)
  6 worker ants
  A howler monkey skeleton (D:4)
  6 adders
  A shadow imp (D:4)
  An ooze (D:2)
  2 worms
  A dart slug (D:3)
  4 leopard geckos
  22 orcs
  7 bats
  2 giant cockroaches
  6 goblins
  5 hobgoblins
  9 jackals
  4 quokkas
  4 frilled lizards
  4 kobolds
  A leopard gecko zombie (D:5)
  9 rats
121 creatures vanquished.

Notes
Turn   | Place    | Note
-------+----------+-------------------------------------------
     0 | D:1      | jiml777 the Gnoll Warper began the quest for the Orb.
     0 | D:1      | Reached XP level 1. HP: 20/20 MP: 6/6
   140 | D:1      | Reached XP level 2. HP: 11/26 MP: 7/7
   680 | D:1      | Found a glowing golden altar of the Shining One.
   915 | D:2      | Reached skill level 5 in Spellcasting
   915 | D:2      | Reached XP level 3. HP: 28/31 MP: 7/9
   971 | D:2      | Reached skill level 1 in Invocations
  1620 | D:2      | Reached skill level 1 in Short Blades
  1620 | D:2      | Reached skill level 1 in Long Blades
  1620 | D:2      | Reached skill level 1 in Axes
  1620 | D:2      | Reached skill level 1 in Maces & Flails
  1620 | D:2      | Reached skill level 1 in Staves
  1620 | D:2      | Reached skill level 1 in Slings
  1620 | D:2      | Reached skill level 1 in Bows
  1620 | D:2      | Reached skill level 1 in Crossbows
  1620 | D:2      | Reached skill level 1 in Stealth
  1620 | D:2      | Reached skill level 1 in Shields
  1620 | D:2      | Reached skill level 1 in Unarmed Combat
  1620 | D:2      | Reached skill level 1 in Evocations
  1754 | D:2      | Reached XP level 4. HP: 38/38 MP: 11/11
  2277 | D:3      | Reached skill level 1 in Conjurations
  2277 | D:3      | Reached skill level 1 in Hexes
  2277 | D:3      | Reached skill level 1 in Summonings
  2277 | D:3      | Reached skill level 1 in Necromancy
  2277 | D:3      | Reached skill level 1 in Transmutations
  2277 | D:3      | Reached skill level 1 in Fire Magic
  2277 | D:3      | Reached skill level 1 in Ice Magic
  2277 | D:3      | Reached skill level 1 in Air Magic
  2277 | D:3      | Reached skill level 1 in Earth Magic
  2277 | D:3      | Reached skill level 1 in Poison Magic
  2310 | D:3      | Noticed Natasha
  2321 | D:3      | Killed Natasha
  2321 | D:3      | Reached XP level 5. HP: 25/43 MP: 12/12
  2531 | D:3      | Learned a level 2 spell: Blink
  2535 | D:3      | Learned a level 3 spell: Teleport Other
  2896 | D:3      | Noticed Natasha
  2937 | D:3      | Killed Natasha
  2970 | D:3      | Noticed Natasha
  2980 | D:3      | Killed Natasha
  3521 | D:4      | Reached XP level 6. HP: 27/50 MP: 11/13
  3747 | D:4      | Reached skill level 5 in Fighting
  3747 | D:4      | Reached skill level 5 in Polearms
  3747 | D:4      | Reached skill level 5 in Dodging
  4078 | D:4      | Reached XP level 7. HP: 45/56 MP: 15/15
  4091 | D:4      | Noticed Ijyb
  4102 | D:4      | Killed Ijyb
  5208 | D:5      | Entered Level 5 of the Dungeon
  5268 | D:4      | HP: 2/56 [poisoned by a worker ant]
  5276 | D:4      | HP: 2/56 [poisoned by a worker ant]
  6698 | D:5      | Reached XP level 8. HP: 50/63 MP: 16/16
  7661 | D:5      | HP: 3/64 [poisoned by an orc wizard]
  7664 | D:5      | Succumbed to an orc wizard's poison

Illustrated notes

Levels and vault maps discovered:
D:1:      kennysheep_arrival_forest, layout_basic,
          hangedman_decor_diamond_cutter, tso_altar
D:2:      layout_loops_ring, dk_noncrumbling_3
D:3:      layout_loops_ring, minmay_fractal_squares_diagonal_5, uniq_natasha
D:4:      layout_basic, uniq_ijyb
D:5:      layout_cave_pods, kennysheep_mini, serial_park, serial_park_square2,
          serial_park_tiny_2, serial_park_avenue1, serial_park_square3
          [serial_park_minivault_5x5_7], solitary_fountain

Skill      XL: |  1  2  3  4  5  6  7  8 |
---------------+-------------------------+-----
Spellcasting   | 5 6 |  6.1
Invocations    | 1 2 3 |  3.7
Short Blades   | 1 2 3 |  3.4
Long Blades    | 1 2 3 |  3.4
Axes           | 1 2 3 |  3.4
Maces & Flails | 1 2 3 |  3.4
Staves         | 1 2 3 |  3.4
Slings         | 1 2 3 |  3.4
Bows           | 1 2 3 |  3.4
Crossbows      | 1 2 3 |  3.4
Stealth        | 1 2 3 |  3.4
Shields        | 1 2 3 |  3.4
Unarmed Combat | 1 2 3 |  3.4
Evocations     | 1 2 3 |  3.4
Conjurations   | 1 2 |  2.8
Hexes          | 1 2 |  2.8
Summonings     | 1 2 |  2.8
Necromancy     | 1 2 |  2.8
Transmutations | 1 2 |  2.8
Fire Magic     | 1 2 |  2.8
Ice Magic      | 1 2 |  2.8
Air Magic      | 1 2 |  2.8
Earth Magic    | 1 2 |  2.8
Poison Magic   | 1 2 |  2.8
Throwing       | 3 4 |  4.3
Armour         | 3 4 |  4.3
Fighting       | 5 |  5.8
Polearms       | 5 |  5.8
Dodging        | 5 |  5.8
Translocations | 6 |  6.2

Action                   |  1- 3 |  4- 6 |  7- 9 || total
-------------------------+-------+-------+-------++-------
Melee: Spear             |   167 |   241 |   310 ||   718
       Bite              |    13 |    19 |    31 ||    63
       Punch             |       |     1 |     8 ||     9
       Trident           |       |       |    55 ||    55
Throw: Dart              |       |    28 |    14 ||    42
 Cast: Blink             |       |     7 |     1 ||     8
Evoke: Wand              |       |       |     2 ||     2
  Use: Scroll            |       |     9 |     3 ||    12
       Potion            |       |     1 |     8 ||     9
 Stab: Sleeping          |       |     1 |     1 ||     2
       Distracted        |       |     1 |       ||     1
Armor: Scale mail        |    76 |    37 |       ||   113
       Leather armour    |     1 |       |       ||     1
       Robe              |       |    37 |   162 ||   199
Dodge: Dodged            |   100 |   102 |   385 ||   587

Table legend: (Time is in decaauts)
 A = Elapsed time spent in this place.
 B = Non-inter-level travel time spent in this place.
 C = Inter-level travel time spent in this place.
 D = Time resting spent in this place.
 E = Time spent auto-exploring this place.
 F = Levels seen in this place.
 G = Mean time per level.
                   A        B        C        D        E       F      G
               +--------+--------+--------+--------+--------+-----+--------+
         Total |   7559 |   7464 |     95 |   3547 |   2062 |   5 | 1511.8 |
       Dungeon |   7559 |   7464 |     95 |   3547 |   2062 |   5 | 1511.8 |
               +--------+--------+--------+--------+--------+-----+--------+

Top non-repeatable levels by time:
     D:4: 3245 daAuts
     D:3: 1249 daAuts
     D:2: 1173 daAuts
     D:5: 1024 daAuts
     D:1: 867 daAuts
